AoeStats
← kaifanestro

Black Forest

510370365Analyzed
4v4 RM · 2d ago on Sep 30, 2026· 90m 37s· 8 players
Game mode
Random Map
Map size
Large (8 player)
Population
200
Speed
Normal
Resources
Standard
Victory
Conquest
Starting age
Dark Age
Ending age
Imperial Age
RankedLock teamsTeams togetherTeam positionsShared explorationLock speedFull tech treeHidden civsTurbo modeCheats
Victory
Defeat
🇳🇱 Burgundians · Netherlands
725
+13
🇺🇸 Teutons · United States
717
+14
🇫🇷 Huns · France
623
+17
🇵🇪 Franks · Peru
566
+21
🇧🇷 Wei · Brazil
759
-46
🇫🇷 Burgundians · France
758
-20
🇹🇼 Spanish · Taiwan
730
-19
🇹🇷 Chinese · Türkiye
386
-6
F o r k B e a r d
8:50 Loom
11:51 Feudal Age
17:08 Castle Age
15:23 Double-Bit Axe
16:22 Horse Collar
18:51 Wheelbarrow
25:23 Stone Mining
25:26 Gold Mining
26:46 Bow Saw
27:32 Stone Shaft Mining
32:17 Imperial Age
30:04 Fortified Wall
29:51 Guard Tower
30:23 Heavy Plow
30:57 Masonry
31:04 Caravan
32:22 Hand Cart
31:53 Town Watch
33:02 Ballistics
34:24 Chemistry
33:57 Crenellations
35:24 Hoardings
36:05 Arrowslits
47:27 Guilds
47:48 Coinage
47:56 Keep
47:11 Heated Shot
47:27 Siege Engineers
47:53 Bombard Tower
48:31 Scale Barding Armor
48:36 Forging
48:49 Conscription
48:50 Cavalier
49:41 Bloodlines
49:55 Chain Barding Armor
49:58 Paladin
51:56 Plate Barding Armor
51:57 Iron Casting
54:05 Two-Man Saw
53:37 Crop Rotation
54:50 Banking
57:21 Ironclad
56:22 Elite Teutonic Knight
57:47 Sappers
58:20 Scale Mail Armor
59:21 Blast Furnace
58:22 Padded Archer Armor
58:12 Fletching
62:32 Chain Mail Armor
62:32 Leather Archer Armor
62:13 Bodkin Arrow
62:23 Squires
62:09 Gambesons
62:09 Arson
61:45 Pikeman
62:34 Town Patrol
67:22 Plate Mail Armor
67:23 Ring Archer Armor
66:51 Capped Ram
69:32 Heavy Scorpion
86:54 Siphons
87:00 Clinker Construction
87:01 Careening
86:12 Halberdier
86:13 Man-at-Arms
86:17 Onager
88:13 Spies/Treason
90:24 Long Swordsman
Fulpixsicarius
8:33 Loom
10:52 Wheelbarrow
11:17 Double-Bit Axe
13:44 Feudal Age
12:06 Horse Collar
13:34 Gold Mining
17:28 Heavy Plow
18:43 Bow Saw
22:13 Gold Shaft Mining
24:35 Castle Age
22:55 Stone Mining
23:49 Forging
25:17 Stone Shaft Mining
24:40 Cavalier
25:23 Husbandry
30:25 Scale Barding Armor
29:50 Light Cavalry
32:13 Wheelbarrow
33:34 Iron Casting
33:17 Hand Cart
37:44 Imperial Age
35:57 Crop Rotation
37:55 Burgundian Vineyards
39:49 Chemistry
39:11 Ballistics
38:32 Treadmill Crane
39:59 Two-Man Saw
40:06 Blast Furnace
kaifanestro
8:10 Loom
10:24 Feudal Age
12:12 Double-Bit Axe
13:31 Wheelbarrow
15:55 Gold Mining
22:05 Castle Age
22:14 Stone Mining
23:14 Bow Saw
26:06 Hand Cart
29:55 Gold Shaft Mining
34:04 Imperial Age
31:40 Caravan
32:11 Coinage
34:16 Fletching
34:37 Forging
34:33 Scale Barding Armor
36:50 Banking
36:54 Chain Barding Armor
37:10 Iron Casting
36:30 Bodkin Arrow
38:22 Plate Barding Armor
38:27 Conscription
40:14 Cavalier
40:55 Husbandry
41:40 Paladin
43:21 Blast Furnace
83:23 Chivalry
BeuZvA
2:48 Loom
12:51 Feudal Age
14:10 Wheelbarrow
13:29 Double-Bit Axe
14:03 Horse Collar
15:53 Gold Mining
15:54 Stone Mining
20:31 Bloodlines
23:16 Scale Barding Armor
24:34 Town Watch
27:38 Castle Age
28:42 Hand Cart
29:06 Gold Shaft Mining
28:45 Bow Saw
28:42 Heavy Plow
29:25 Caravan
32:38 Town Patrol
37:17 Imperial Age
36:17 Forging
36:28 Chain Barding Armor
39:06 Two-Man Saw
38:31 Ballistics
38:34 Conscription
39:52 Chemistry
39:41 Husbandry
39:03 Cavalier
39:58 Masonry
39:46 Light Cavalry
41:36 Paladin
45:49 Plate Barding Armor
46:04 Iron Casting
51:51 Blast Furnace
Point and Click
3:47 Loom
13:18 Feudal Age
13:29 Horse Collar
13:39 Double-Bit Axe
13:52 Town Watch
15:18 Bow Saw
19:24 Heavy Plow
23:30 Castle Age
23:07 Scale Mail Armor
23:18 Forging
24:55 Town Patrol
25:34 Pikeman
26:15 Squires
27:10 Crop Rotation
28:46 Stone Mining
28:46 Gold Mining
30:38 Stone Shaft Mining
31:53 Iron Casting
31:34 Chain Mail Armor
31:25 Scale Barding Armor
31:12 Man-at-Arms
31:38 Arson
33:05 Wheelbarrow
33:12 Gold Shaft Mining
37:12 Imperial Age
34:14 Long Swordsman
36:42 Burgundian Vineyards
37:15 Chain Barding Armor
37:19 Caravan
37:24 Two-Handed Swordsman
37:25 Halberdier
39:23 Conscription
40:11 Blast Furnace
39:41 Plate Mail Armor
39:48 Plate Barding Armor
38:49 Champion
42:55 Chemistry
42:06 Masonry
41:37 Treadmill Crane
41:53 Murder Holes
53:20 Fletching
53:30 Padded Archer Armor
62:45 Coinage
66:54 Crossbowman
71:05 Sappers
74:22 Elite Skirmisher
82:38 Hand Cart
84:13 Hand Cart
幻幻
1:25 Loom
15:25 Feudal Age
15:54 Double-Bit Axe
16:07 Gold Mining
20:02 Castle Age
28:27 Imperial Age
25:48 Horse Collar
27:47 Stone Mining
30:03 Wheelbarrow
30:31 Murder Holes
31:44 Chemistry
33:23 Ballistics
44:46 Stone Shaft Mining
44:56 Hand Cart
48:08 Pikeman
48:51 Squires
48:56 Arson
48:45 Halberdier
50:57 Bow Saw
65:11 Two-Man Saw
72:00 Forging
71:51 Scale Mail Armor
74:11 Gambesons
74:49 Chain Mail Armor
75:09 Iron Casting
75:19 Caravan
82:38 Blast Furnace
85:22 Plate Mail Armor
JONAS23ArK
11:44 Feudal Age
15:12 Man-at-Arms
28:44 Castle Age
29:59 Long Swordsman
51:58 Imperial Age
50:11 Scale Mail Armor
56:09 Imperial Age
56:08 Pikeman
56:51 Halberdier
80:50 Light Cavalry
CAN
0:51 Loom
18:51 Feudal Age
19:26 Town Watch
20:17 Wheelbarrow
19:31 Double-Bit Axe
19:28 Horse Collar
20:19 Gold Mining
20:21 Stone Mining
23:41 Castle Age
21:52 Fishing Lines
22:09 Arson
21:48 Man-at-Arms
22:47 Forging
22:39 Scale Mail Armor
24:15 Padded Archer Armor
24:05 Fletching
24:21 Scale Barding Armor
24:55 Gillnets
25:29 Bow Saw
25:22 Heavy Plow
26:18 Town Patrol
29:21 Hand Cart
30:09 Gold Shaft Mining
30:11 Stone Shaft Mining
32:38 Masonry
36:52 Imperial Age
35:17 Iron Casting
34:58 Chain Mail Armor
35:00 Great Wall
38:02 Conscription
38:58 Two-Man Saw
39:23 Elite Chu Ko Nu
45:06 Blast Furnace
44:38 Plate Mail Armor
44:28 Chain Barding Armor
44:04 Bodkin Arrow
44:25 Leather Archer Armor
44:34 Ballistics
44:25 Fortified Wall
44:11 Murder Holes
45:17 Caravan
45:48 Coinage
45:36 Elite Fire Lancer
52:04 Ring Archer Armor
53:54 Banking
60:33 Chemistry
60:05 Architecture
59:26 Heated Shot
59:22 Arrowslits
59:33 Murder Holes
66:12 Light Cavalry
79:56 Bloodlines
82:42 Bracer
Connection lost

Rejoining the realm…

Still unreachable

The connection could not be restored.

Session expired

The server has moved on; the page needs a fresh start.